[Event "GambitGuide"]
[Site "Internet Chess Club"]
[Date "2014.10.31"]
[Round "1"]
[White "JSBach"]
[Black "nsideurheadbro"]
[Result "1-0"]
[ICCResult "Black resigns"]
[WhiteElo "1618"]
[BlackElo "1184"]
[Opening "Vienna: `Frankenstein-Dracula' variation"]
[ECO "C27"]
[NIC "VG.02"]
[Time "12:13:50"]
[TimeControl "120+12"]

1. e4 e5 2. Nc3 Nf6 3. Bc4 Nxe4 4. Qh5 Nd6 5. Bb3 Nc6 6. Nb5 g6 7. Qf3 f5 8.
Qd5 Qe7 9. Nxc7+ Kd8 10. Nxa8 b6 11. d3 Bb7 12. Nxb6 Nd4 13. Bg5 Qxg5 14.
Qxe5 axb6 15. Qxh8 Qe7+ 16. Kf1 Kc7 17. Qxd4 {Black resigns} 1-0

[Event "GambitGuide"]
[Site "Internet Chess Club"]
[Date "2014.10.31"]
[Round "1"]
[White "JSBach"]
[Black "RagingRook"]
[Result "1-0"]
[ICCResult "Black checkmated"]
[WhiteElo "1618"]
[BlackElo "1514"]
[Opening "Vienna: `Frankenstein-Dracula' variation"]
[ECO "C27"]
[NIC "VG.02"]
[Time "12:11:12"]
[TimeControl "120+12"]

1. e4 e5 2. Nc3 Nf6 3. Bc4 Nxe4 4. Qh5 Nd6 5. Bb3 Nc6 6. Nb5 g6 7. Qf3 f5 8.
Qd5 Qe7 9. Nxc7+ Kd8 10. Nxa8 b6 11. d3 Bb7 12. Nxb6 axb6 13. Qf3 e4 14. Qe3
Bg7 15. Qxb6+ Ke8 16. Ne2 exd3 17. cxd3 Nd4 18. Be3 Nxe2 19. Kxe2 f4 20.
Raf1 fxe3 21. fxe3 Bxg2 22. Qb8+ Qd8 23. Qxd6 Bxf1+ 24. Rxf1 Rf8 25. Rxf8+
Bxf8 26. Qd4 Qg5 27. Qe4+ Be7 28. Qa8+ Bd8 29. Qf3 Qe7 30. a4 Bc7 31. Qa8+
Bd8 32. Qd5 Qf6 33. Qg8+ Ke7 34. Qxh7+ Kd6 35. d4 Qg5 36. Bc2 Qg4+ 37. Kd3
Qf5+ 38. e4 Qf3+ 39. Kc4 Qe2+ 40. Bd3 Qxb2 41. Qxg6+ Kc7 42. Qg3+ Kc8 43. h4
Qa2+ 44. Kc5 Qa3+ 45. Kc4 Qxa4+ 46. Kc3 Qa3+ 47. Kc4 Qa4+ 48. Kc3 Qa3+ 49.
Kc4 Qe7 50. Kc3 Qxh4 51. Ba6# {Black checkmated} 1-0

[Event "GambitGuide"]
[Site "Internet Chess Club"]
[Date "2014.10.31"]
[Round "1"]
[White "JSBach"]
[Black "Fianchettoed"]
[Result "1-0"]
[ICCResult "Black resigns"]
[WhiteElo "1618"]
[BlackElo "1450"]
[Opening "Vienna: `Frankenstein-Dracula' variation"]
[ECO "C27"]
[NIC "VG.02"]
[Time "12:13:17"]
[TimeControl "120+12"]

1. e4 e5 2. Nc3 Nf6 3. Bc4 Nxe4 4. Qh5 Nd6 5. Bb3 Nc6 6. Nb5 g6 7. Qf3 f5 8.
Qd5 Qe7 9. Nxc7+ Kd8 10. Nxa8 b6 11. d3 Bg7 12. Nh3 h6 13. Ba4 Bb7 14. Nxb6
axb6 15. Qb3 Kc7 16. Be3 Nd4 17. Qc3+ Kb8 18. Qb4 b5 19. c3 bxa4 20. cxd4
exd4 21. Qb6 dxe3 22. Rc1 exf2+ 23. Kxf2 Qh4+ 24. Kf1 Rc8 25. Qxd6+ Ka8 26.
Rxc8+ Bxc8 27. Qxg6 Bd4 28. Qe8 {Black resigns} 1-0

[Event "GambitGuide"]
[Site "Internet Chess Club"]
[Date "2014.10.31"]
[Round "1"]
[White "JSBach"]
[Black "lebko"]
[Result "1-0"]
[ICCResult "Black resigns"]
[WhiteElo "1618"]
[BlackElo "1864"]
[Opening "Vienna: `Frankenstein-Dracula' variation"]
[ECO "C27"]
[NIC "VG.02"]
[Time "12:12:57"]
[TimeControl "120+12"]

1. e4 e5 2. Nc3 Nf6 3. Bc4 Nxe4 4. Qh5 Nd6 5. Bb3 Nc6 6. Nb5 g6 7. Qf3 f5 8.
Qd5 Qe7 9. Nxc7+ Kd8 10. Nxa8 b6 11. d3 Bb7 12. Nxb6 axb6 13. Qf3 Bg7 14.
Be3 Kc7 15. Bd5 f4 16. Bxb6+ Kxb6 17. Ne2 Kc7 18. c3 g5 19. O-O h5 20. h3
Nd8 21. Rae1 Bxd5 22. Qxd5 Nc6 23. Qc5 Nb7 24. Qb5 Nd6 25. Qc5 Nb7 26. Qc4
Qe6 27. Qxe6 dxe6 28. b4 g4 29. b5 Nca5 30. h4 Rd8 31. Rd1 Nc5 32. Nc1 Kb6
33. c4 Na4 34. Rfe1 Nc3 35. Rd2 Kc5 36. Kf1 Kd4 37. Ne2+ Nxe2 38. Kxe2 Ra8
39. a4 Nb3 40. Ra2 Ra5 41. Ra3 Nc5 42. Rea1 e4 43. dxe4 Nxe4 44. Rc1 Nc5 45.
Raa1 e5 46. Kf1 e4 47. Kg1 e3 48. Rc2 Kd3 49. Raa2 Ne4 50. fxe3 fxe3 51. Rc1
Nd2 52. c5 Bd4 53. Ra3+ Ke4 54. Re1 e2+ 55. Kh1 Kd5 56. c6 Ne4 57. c7 Ra8
58. Rxe2 Rc8 59. Rc2 Bc5 60. Rd3+ Ke5 61. Re2 Rxc7 62. Rd8 Kf4 63. Re1 Ng3+
64. Kh2 Ne4 65. Rf1+ Ke5 66. Rh8 Nf6 67. Rh6 Be7 68. b6 Rb7 69. a5 Nd5 70.
a6 Rxb6 71. Re1+ Kd4 72. Rxb6 Nxb6 73. Rxe7 {Black resigns} 1-0

[Event "GambitGuide"]
[Site "Internet Chess Club"]
[Date "2014.10.31"]
[Round "1"]
[White "JSBach"]
[Black "JoseLL23"]
[Result "1-0"]
[ICCResult "Black resigns"]
[WhiteElo "1618"]
[BlackElo "1601"]
[Opening "Vienna: `Frankenstein-Dracula' variation"]
[ECO "C27"]
[NIC "VG.02"]
[Time "12:11:01"]
[TimeControl "120+12"]

1. e4 e5 2. Nc3 Nf6 3. Bc4 Nxe4 4. Qh5 Nd6 5. Bb3 Nc6 6. Nb5 g6 7. Qf3 f5 8.
Qd5 Qe7 9. Nxc7+ Kd8 10. Nxa8 b6 11. d3 Bb7 12. Nxb6 axb6 13. Qf3 Bg7 14.
Be3 b5 15. Bd5 Re8 16. Bc5 Qf6 17. Rd1 e4 18. dxe4 Nxe4 19. Bb6+ Kc8 20. Kf1
Qxb2 21. Qe3 Qxc2 22. Bb3 Qb2 23. Qd3 Re7 24. Ne2 Qe5 25. f4 Qb2 26. Qxb5
Kb8 27. Kg1 Nc3 28. Nxc3 Bxc3 29. Qd5 Ka8 30. g3 Nb4 31. Qg8+ {Black
resigns} 1-0

[Event "GambitGuide"]
[Site "Internet Chess Club"]
[Date "2014.10.31"]
[Round "1"]
[White "JSBach"]
[Black "almoehi"]
[Result "1-0"]
[ICCResult "Black resigns"]
[WhiteElo "1618"]
[BlackElo "1458"]
[Opening "Vienna: `Frankenstein-Dracula' variation"]
[ECO "C27"]
[NIC "VG.02"]
[Time "12:15:22"]
[TimeControl "120+12"]

1. e4 e5 2. Nc3 Nf6 3. Bc4 Nxe4 4. Qh5 Nd6 5. Bb3 Nc6 6. Nb5 g6 7. Qf3 f5 8.
Qd5 Qe7 9. Nxc7+ Kd8 10. Nxa8 b6 11. d3 e4 12. dxe4 Nxe4 13. Be3 Qb4+ 14. c3
Qd6 15. Rd1 Qxd5 16. Bxd5 Bg7 17. Bxc6 {Black resigns} 1-0

[Event "GambitGuide"]
[Site "Internet Chess Club"]
[Date "2014.10.31"]
[Round "1"]
[White "JSBach"]
[Black "lebko"]
[Result "1-0"]
[ICCResult "Black resigns"]
[WhiteElo "1618"]
[BlackElo "1864"]
[Opening "Vienna: `Frankenstein-Dracula' variation"]
[ECO "C27"]
[NIC "VG.02"]
[Time "12:16:21"]
[TimeControl "120+12"]

1. e4 e5 2. Nc3 Nf6 3. Bc4 Nxe4 4. Qh5 Nd6 5. Bb3 Nc6 6. Nb5 g6 7. Qf3 f5 8.
Qd5 Qe7 9. Nxc7+ Kd8 10. Nxa8 b6 11. d3 Bb7 12. Nxb6 axb6 13. Qf3 Na5 14.
Qe3 Nxb3 15. Qxb6+ Ke8 16. Qxb3 Bc6 17. Nf3 Bxf3 18. gxf3 e4 19. fxe4 fxe4
20. dxe4 Qxe4+ 21. Qe3 Qxe3+ 22. fxe3 Nc4 23. a4 Bc5 24. Ke2 d5 25. Rf1 Rf8
26. Rxf8+ Kxf8 27. a5 Ke7 28. a6 {Black resigns} 1-0

[Event "GambitGuide"]
[Site "Internet Chess Club"]
[Date "2014.10.31"]
[Round "1"]
[White "JSBach"]
[Black "sskumaran1"]
[Result "0-1"]
[ICCResult "White checkmated"]
[WhiteElo "1618"]
[BlackElo "1120"]
[Opening "Vienna: `Frankenstein-Dracula' variation"]
[ECO "C27"]
[NIC "VG.02"]
[Time "12:16:04"]
[TimeControl "120+12"]

1. e4 e5 2. Nc3 Nf6 3. Bc4 Nxe4 4. Qh5 Nd6 5. Bb3 Nc6 6. Nb5 g6 7. Qf3 f5 8.
Qd5 Qe7 9. Nxc7+ Kd8 10. Nxa8 b6 11. d3 Bb7 12. Nxb6 axb6 13. Qf3 e4 14.
dxe4 Ne5 15. Qe3 h5 16. Qxb6+ Kc8 17. f4 Nec4 18. Qc5+ Kb8 19. Bxc4 Qxe4+
20. Be3 Nxc4 21. Qa7+ Kc8 22. a4 Nxe3 23. Rc1 Nxg2+ 24. Kf2 Qxf4+ 25. Nf3
Qxf3+ 26. Kg1 Ne3 27. Qxb7+ Kxb7 28. h4 Qg2# {White checkmated} 0-1

[Event "GambitGuide"]
[Site "Internet Chess Club"]
[Date "2014.10.31"]
[Round "1"]
[White "JSBach"]
[Black "Pdforma"]
[Result "1-0"]
[ICCResult "Black resigns"]
[WhiteElo "1618"]
[BlackElo "1400"]
[Opening "Vienna: `Frankenstein-Dracula' variation"]
[ECO "C27"]
[NIC "VG.02"]
[Time "12:14:23"]
[TimeControl "120+12"]

1. e4 e5 2. Nc3 Nf6 3. Bc4 Nxe4 4. Qh5 Nd6 5. Bb3 Nc6 6. Nb5 g6 7. Qf3 f5 8.
Qd5 Qe7 9. Nxc7+ Kd8 10. Nxa8 b6 11. d3 Bb7 12. Nxb6 axb6 13. Qf3 Na5 14.
Qg3 f4 15. Qg4 Nf5 16. Bd2 Nc6 17. Rc1 Ncd4 18. Ne2 Nxb3 19. cxb3 Bc8 20.
Bc3 d5 21. Qf3 d4 22. Bd2 Bb7 23. Qg4 Bc8 24. b4 Nd6 25. Qf3 Bb7 26. Qg4 Bc8
27. Qf3 Bb7 28. Qg4 Bc8 29. Qf3 Qe6 30. Qc6 Bb7 31. Qxb6+ Ke8 32. Qc5 Qxa2
33. Qxe5+ Kd7 34. Qxh8 Qxb2 35. Qxf8 {Black resigns} 1-0

[Event "GambitGuide"]
[Site "Internet Chess Club"]
[Date "2014.10.31"]
[Round "1"]
[White "JSBach"]
[Black "RagingRook"]
[Result "1-0"]
[ICCResult "Black checkmated"]
[WhiteElo "1599"]
[BlackElo "1514"]
[Opening "Vienna: `Frankenstein-Dracula' variation"]
[ECO "C27"]
[NIC "VG.02"]
[Time "12:15:42"]
[TimeControl "120+12"]

1. e4 e5 2. Nc3 Nf6 3. Bc4 Nxe4 4. Qh5 Nd6 5. Bb3 Nc6 6. Nb5 g6 7. Qf3 f5 8.
Qd5 Qe7 9. Nxc7+ Kd8 10. Nxa8 b6 11. d3 Bb7 12. Nxb6 axb6 13. Qf3 Nd4 14.
Qh3 Nxb3 15. axb3 e4 16. d4 Bg7 17. c3 Bf6 18. Ra7 Re8 19. Bf4 Bc6 20. Bxd6
Qxd6 21. Qxh7 Bxd4 22. cxd4 Qxd4 23. Qxg6 e3 24. Qg5+ Kc8 25. fxe3 Rxe3+ 26.
Ne2 Bb5 27. Qg8+ Re8 28. Qxe8# {Black checkmated} 1-0

[Event "GambitGuide"]
[Site "Internet Chess Club"]
[Date "2014.10.31"]
[Round "1"]
[White "JSBach"]
[Black "Anunnaki"]
[Result "1/2-1/2"]
[ICCResult "Game drawn because neither player has mating material"]
[WhiteElo "1599"]
[BlackElo "1672"]
[Opening "Vienna: `Frankenstein-Dracula' variation"]
[ECO "C27"]
[NIC "VG.02"]
[Time "12:13:57"]
[TimeControl "120+12"]

1. e4 e5 2. Nc3 Nf6 3. Bc4 Nxe4 4. Qh5 Nd6 5. Bb3 Nc6 6. Nb5 g6 7. Qf3 f5 8.
Qd5 Qe7 9. Nxc7+ Kd8 10. Nxa8 b6 11. d3 Bb7 12. Nxb6 axb6 13. Qf3 Nd4 14.
Qh3 e4 15. Be3 Bg7 16. dxe4 Nxe4 17. c3 Nxb3 18. axb3 Kc7 19. Nf3 d6 20. b4
f4 21. Bxb6+ Kxb6 22. O-O Bc8 23. Qh4 Qxh4 24. Nxh4 Bb7 25. f3 Nf6 26. Rfe1
Nd5 27. Re6 Rd8 28. g3 Bc8 29. Re2 g5 30. Ng2 fxg3 31. hxg3 g4 32. f4 Ba6
33. Rd2 Bc4 34. Rad1 Kc6 35. b5+ Kc5 36. Rxd5+ Bxd5 37. b4+ Kxb5 38. Rxd5+
Kc4 39. Ne3+ Kxc3 40. Nf5 Bf6 41. b5 Kc4 42. Rxd6 Rxd6 43. Nxd6+ Kd5 44. Nf5
Kc5 45. Nh6 Kxb5 46. Kf2 Bd4+ 47. Ke2 Kc4 48. Nxg4 Kd5 49. Kd3 Bg1 50. Nf6+
Ke6 51. Nxh7 Kf5 52. Ng5 Kg4 53. Ne4 Bh2 54. Ke3 Bg1+ 55. Kd3 Ba7 56. Kc4
Bb8 57. Nf6+ Kxg3 58. f5 Kf4 59. Nd5+ Kxf5
{Game drawn because neither player has mating material}
1/2-1/2

[Event "GambitGuide"]
[Site "Internet Chess Club"]
[Date "2014.10.31"]
[Round "1"]
[White "JSBach"]
[Black "Pdforma"]
[Result "1-0"]
[ICCResult "Black resigns"]
[WhiteElo "1599"]
[BlackElo "1400"]
[Opening "Vienna: `Frankenstein-Dracula' variation"]
[ECO "C27"]
[NIC "VG.02"]
[Time "12:17:10"]
[TimeControl "120+12"]

1. e4 e5 2. Nc3 Nf6 3. Bc4 Nxe4 4. Qh5 Nd6 5. Bb3 Nc6 6. Nb5 g6 7. Qf3 f5 8.
Qd5 Qe7 9. Nxc7+ Kd8 10. Nxa8 b6 11. d3 b5 12. a4 Bb7 13. axb5 Na5 14. Bg5
Bxd5 15. Bxe7+ Kxe7 16. Bxd5 {Black resigns} 1-0

[Event "GambitGuide"]
[Site "Internet Chess Club"]
[Date "2014.10.31"]
[Round "1"]
[White "JSBach"]
[Black "jumush"]
[Result "0-1"]
[ICCResult "White checkmated"]
[WhiteElo "1599"]
[BlackElo "1723"]
[Opening "Vienna: `Frankenstein-Dracula' variation"]
[ECO "C27"]
[NIC "VG.02"]
[Time "12:12:37"]
[TimeControl "120+12"]

1. e4 e5 2. Nc3 Nf6 3. Bc4 Nxe4 4. Qh5 Nd6 5. Bb3 Nc6 6. Nb5 g6 7. Qf3 f5 8.
Qd5 Qe7 9. Nxc7+ Kd8 10. Nxa8 b6 11. d3 Nd4 12. h4 h6 13. f4 Bg7 14. fxe5
Qxe5+ 15. Qxe5 Bxe5 16. Be3 Ne6 17. O-O-O Bb7 18. d4 Bf6 19. d5 Nc5 20. Bxc5
bxc5 21. h5 g5 22. Rh3 Bxa8 23. Re3 Re8 24. Rxe8+ Kxe8 25. Ne2 c4 26. Ba4
Bb7 27. c3 f4 28. Bc2 Kd8 29. Bh7 Kc7 30. Bg6 Kb6 31. b3 Kc5 32. b4+ Kb6 33.
Bc2 a5 34. bxa5+ Kxa5 35. a3 Kb6 36. Bh7 Kc5 37. Bg8 Nb5 38. Kb2 d6 39. Be6
Nc7 40. Nd4 Bxd4 41. cxd4+ Kb6 42. Rc1 Nxd5 43. Rxc4 Ne3 44. Rb4+ Kc7 45. d5
Nxg2 46. Rc4+ Kd8 47. Rb4 Kc7 48. Rc4+ Kd8 49. Rb4 Kc7 50. Rc4+ Kd8 51. Rb4
Kc7 52. Rc4+ Kd8 53. Rb4 Kc7 54. Rc4+ Kd8 55. Rb4 Kc7 56. a4 Ne3 57. Rb3
Bxd5 58. Rc3+ Bc6 59. Ka3 d5 60. a5 d4 61. Rd3 f3 62. Rd2 Bd7 63. Bf7 Bc6
64. Kb3 g4 65. Rxd4 g3 66. Rd3 g2 67. Rxe3 g1=Q 68. Re7+ Kd6 69. Re6+ Kd7
70. Rf6 Qb1+ 71. Kc4 Qa2+ 72. Kc5 Qxa5+ 73. Kd4 Qa1+ 74. Kc5 Qxf6 75. Bg6 f2
76. Bd3 f1=Q 77. Bxf1 Qxf1 78. Kd4 Qf3 79. Ke5 Qxh5+ 80. Kd4 Qf5 81. Kc3 Qe4
82. Kd2 Qf3 83. Ke1 Qg2 84. Kd1 Be4 85. Ke1 Bd3 86. Kd1 Qe2+ 87. Kc1 Qc2#
{White checkmated}
0-1

[Event "GambitGuide"]
[Site "Internet Chess Club"]
[Date "2014.10.31"]
[Round "1"]
[White "JSBach"]
[Black "lebko"]
[Result "1-0"]
[ICCResult "Black checkmated"]
[WhiteElo "1614"]
[BlackElo "1864"]
[Opening "Vienna: `Frankenstein-Dracula' variation"]
[ECO "C27"]
[NIC "VG.02"]
[Time "12:16:58"]
[TimeControl "120+12"]

1. e4 e5 2. Nc3 Nf6 3. Bc4 Nxe4 4. Qh5 Nd6 5. Bb3 Nc6 6. Nb5 g6 7. Qf3 f5 8.
Qd5 Qe7 9. Nxc7+ Kd8 10. Nxa8 b6 11. d3 Bb7 12. Nxb6 axb6 13. Qf3 Kc7 14.
Bd2 Bg7 15. c3 Bf6 16. Bd5 g5 17. Rd1 g4 18. Qg3 h5 19. h3 f4 20. Qh2 Na5
21. Bxb7 Naxb7 22. c4 Nc5 23. Bb4 e4 24. Bxc5 bxc5 25. Qxf4 exd3+ 26. Kf1
Re8 27. hxg4 Bxb2 28. Rxh5 Qe2+ 29. Nxe2 dxe2+ 30. Ke1 Bc3+ 31. Rd2 Bxd2+
32. Qxd2 Nxc4 33. Rxc5+ Kb6 34. Qb4+ Ka6 35. Qb5+ Ka7 36. Rc7+ Ka8 37. Qb7#
{Black checkmated}
1-0

[Event "GambitGuide"]
[Site "Internet Chess Club"]
[Date "2014.10.31"]
[Round "1"]
[White "JSBach"]
[Black "nsideurheadbro"]
[Result "1-0"]
[ICCResult "Black resigns"]
[WhiteElo "1614"]
[BlackElo "1184"]
[Opening "Vienna: `Frankenstein-Dracula' variation"]
[ECO "C27"]
[NIC "VG.02"]
[Time "12:15:35"]
[TimeControl "120+12"]

1. e4 e5 2. Nc3 Nf6 3. Bc4 Nxe4 4. Qh5 Nd6 5. Bb3 Nc6 6. Nb5 g6 7. Qf3 f5 8.
Qd5 Qe7 9. Nxc7+ Kd8 10. Nxa8 b6 11. d3 Bb7 12. Nxb6 axb6 13. Qf3 f4 14. Qg4
Nd4 15. Ba4 e4 16. Bxf4 exd3+ 17. Kd1 dxc2+ 18. Bxc2 Nxc2 19. Kxc2 Be4+ 20.
Kd1 Bf5 21. Qe2 Ne4 22. f3 Bg7 23. fxe4 Bxe4 24. Qb5 Bd4 25. Bg5 Bf6 26.
Qxb6+ Ke8 27. Bxf6 Qxf6 28. Qxf6 {Black resigns} 1-0

[Event "GambitGuide"]
[Site "Internet Chess Club"]
[Date "2014.10.31"]
[Round "1"]
[White "JSBach"]
[Black "Pdforma"]
[Result "1-0"]
[ICCResult "Black resigns"]
[WhiteElo "1614"]
[BlackElo "1400"]
[Opening "Vienna: `Frankenstein-Dracula' variation"]
[ECO "C27"]
[NIC "VG.02"]
[Time "12:17:56"]
[TimeControl "120+12"]

1. e4 e5 2. Nc3 Nf6 3. Bc4 Nxe4 4. Qh5 Nd6 5. Bb3 Nc6 6. Nb5 g6 7. Qf3 f5 8.
Qd5 Qe7 9. Nxc7+ Kd8 10. Nxa8 b6 11. d3 e4 12. dxe4 Nxe4 13. Be3 Nf6 14. Qf7
Qb4+ 15. c3 Qd6 16. Nxb6 axb6 17. Bxb6+ {Black resigns} 1-0

[Event "GambitGuide"]
[Site "Internet Chess Club"]
[Date "2014.10.31"]
[Round "1"]
[White "JSBach"]
[Black "sskumaran1"]
[Result "1-0"]
[ICCResult "Black resigns"]
[WhiteElo "1614"]
[BlackElo "1120"]
[Opening "Vienna: `Frankenstein-Dracula' variation"]
[ECO "C27"]
[NIC "VG.02"]
[Time "12:17:10"]
[TimeControl "120+12"]

1. e4 e5 2. Nc3 Nf6 3. Bc4 Nxe4 4. Qh5 Nd6 5. Bb3 Nc6 6. Nb5 g6 7. Qf3 f5 8.
Qd5 Qe7 9. Nxc7+ Kd8 10. Nxa8 b6 11. d3 Bb7 12. Nxb6 axb6 13. Qf3 e4 14.
dxe4 Ne5 15. Qe3 h5 16. Qxb6+ Kc8 17. f4 Nec4 18. Qc5+ Kb8 19. Bxc4 Qxe4+
20. Be3 Nxc4 21. Qa7+ Kc8 22. Ne2 Nxe3 23. Kf2 Ng4+ 24. Ke1 Qxg2 25. Rg1
Qf2+ 26. Qxf2 {Black resigns} 1-0

[Event "GambitGuide"]
[Site "Internet Chess Club"]
[Date "2014.10.31"]
[Round "1"]
[White "JSBach"]
[Black "JoseLL23"]
[Result "1-0"]
[ICCResult "Black resigns"]
[WhiteElo "1614"]
[BlackElo "1601"]
[Opening "Vienna: `Frankenstein-Dracula' variation"]
[ECO "C27"]
[NIC "VG.02"]
[Time "12:18:50"]
[TimeControl "120+12"]

1. e4 e5 2. Nc3 Nf6 3. Bc4 Nxe4 4. Qh5 Nd6 5. Bb3 Nc6 6. Nb5 g6 7. Qf3 f5 8.
Qd5 Qe7 9. Nxc7+ Kd8 10. Nxa8 b6 11. d3 Bb7 12. Nxb6 axb6 13. Qf3 e4 14. Qe3
Kc7 15. Ne2 h5 16. Nf4 Bh6 17. Nd5+ {Black resigns} 1-0

[Event "GambitGuide"]
[Site "Internet Chess Club"]
[Date "2014.10.31"]
[Round "1"]
[White "JSBach"]
[Black "Wastetime"]
[Result "0-1"]
[ICCResult "White checkmated"]
[WhiteElo "1614"]
[BlackElo "1606"]
[Opening "Vienna: `Frankenstein-Dracula' variation"]
[ECO "C27"]
[NIC "VG.02"]
[Time "12:12:35"]
[TimeControl "120+12"]

1. e4 e5 2. Nc3 Nf6 3. Bc4 Nxe4 4. Qh5 Nd6 5. Bb3 Nc6 6. Nb5 g6 7. Qf3 f5 8.
Qd5 Qe7 9. Nxc7+ Kd8 10. Nxa8 b6 11. d3 Bg7 12. Nh3 Bb7 13. Bg5 Bf6 14. Nxb6
axb6 15. g3 Bxg5 16. Nxg5 Kc7 17. Nf7 Nxf7 18. Qxf7 Qxf7 19. Bxf7 Nd4 20.
Kd2 Bxh1 21. Rxh1 Rf8 22. Bd5 Re8 23. Rf1 e4 24. Rd1 Nf3+ 25. Ke3 Nxh2 26.
dxe4 fxe4 27. c4 Ng4+ 28. Ke2 e3 29. f4 Nf6 30. Rd3 Nxd5 31. cxd5 Kd6 32. a4
Ra8 33. Rxe3 Rxa4 34. Rb3 Kc5 35. Rd3 Rd4 36. Rxd4 Kxd4 37. f5 gxf5 38. b4
Kc4 39. Ke3 Kxb4 40. Kf4 Kc5 41. d6 Kxd6 42. Kxf5 b5 43. Ke4 Ke6 44. Ke3 Kf5
45. Ke2 Kg4 46. Kd3 Kxg3 47. Kc2 h5 48. Kd2 h4 49. Kc3 h3 50. Kb4 h2 51.
Kxb5 h1=Q 52. Kc5 Qd1 53. Kb4 d5 54. Kc5 d4 55. Kc4 d3 56. Kd4 d2 57. Kc3
Qc1+ 58. Kd4 d1=Q+ 59. Ke5 Qe3+ 60. Kf6 Qd6+ 61. Kf7 Qa7+ 62. Kg8 Qd8#
{White checkmated}
0-1

[Event "GambitGuide"]
[Site "Internet Chess Club"]
[Date "2014.10.31"]
[Round "1"]
[White "JSBach"]
[Black "Pdforma"]
[Result "1-0"]
[ICCResult "Black resigns"]
[WhiteElo "1614"]
[BlackElo "1400"]
[Opening "Vienna: `Frankenstein-Dracula' variation"]
[ECO "C27"]
[NIC "VG.02"]
[Time "12:18:44"]
[TimeControl "120+12"]

1. e4 e5 2. Nc3 Nf6 3. Bc4 Nxe4 4. Qh5 Nd6 5. Bb3 Nc6 6. Nb5 g6 7. Qf3 f5 8.
Qd5 Qe7 9. Nxc7+ Kd8 10. Nxa8 b6 11. d3 Bb7 12. Nxb6 axb6 13. Qf3 e4 14. Qe3
Bg7 15. Qxb6+ Kc8 16. Ne2 exd3 17. cxd3 Re8 18. Be3 f4 19. Nxf4 Bd4 20. Nd5
{Black resigns}
1-0

[Event "GambitGuide"]
[Site "Internet Chess Club"]
[Date "2014.10.31"]
[Round "1"]
[White "JSBach"]
[Black "sskumaran1"]
[Result "1-0"]
[ICCResult "Black resigns"]
[WhiteElo "1614"]
[BlackElo "1120"]
[Opening "Vienna: `Frankenstein-Dracula' variation"]
[ECO "C27"]
[NIC "VG.02"]
[Time "12:19:19"]
[TimeControl "120+12"]

1. e4 e5 2. Nc3 Nf6 3. Bc4 Nxe4 4. Qh5 Nd6 5. Bb3 Nc6 6. Nb5 g6 7. Qf3 f5 8.
Qd5 Qe7 9. Nxc7+ Kd8 10. Nxa8 b6 11. d3 Bb7 12. Nxb6 axb6 13. Qf3 e4 14. Qe3
h5 15. Qxb6+ Kc8 16. Be3 Ne5 17. d4 Nec4 18. Qc5+ Kb8 19. Bxc4 Nxc4 20. Qxc4
{Black resigns}
1-0

[Event "GambitGuide"]
[Site "Internet Chess Club"]
[Date "2014.10.31"]
[Round "1"]
[White "JSBach"]
[Black "Pdforma"]
[Result "1-0"]
[ICCResult "Black resigns"]
[WhiteElo "1614"]
[BlackElo "1400"]
[Opening "Vienna: `Frankenstein-Dracula' variation"]
[ECO "C27"]
[NIC "VG.02"]
[Time "12:19:35"]
[TimeControl "120+12"]

1. e4 e5 2. Nc3 Nf6 3. Bc4 Nxe4 4. Qh5 Nd6 5. Bb3 Nc6 6. Nb5 g6 7. Qf3 f5 8.
Qd5 Qe7 9. Nxc7+ Kd8 10. Nxa8 b6 11. d3 e4 12. dxe4 Nxe4 13. Be3 Bg7 14.
O-O-O Bxb2+ 15. Kxb2 Qb4 16. Qxc6 {Black resigns} 1-0

[Event "GambitGuide"]
[Site "Internet Chess Club"]
[Date "2014.10.31"]
[Round "1"]
[White "JSBach"]
[Black "lebko"]
[Result "1-0"]
[ICCResult "Black resigns"]
[WhiteElo "1614"]
[BlackElo "1864"]
[Opening "Vienna: `Frankenstein-Dracula' variation"]
[ECO "C27"]
[NIC "VG.02"]
[Time "12:18:31"]
[TimeControl "120+12"]

1. e4 e5 2. Nc3 Nf6 3. Bc4 Nxe4 4. Qh5 Nd6 5. Bb3 Nc6 6. Nb5 g6 7. Qf3 f5 8.
Qd5 Qe7 9. Nxc7+ Kd8 10. Nxa8 b6 11. d3 Bb7 12. Nxb6 axb6 13. Qf3 Na5 14.
Qg3 Nxb3 15. axb3 Bg7 16. Bg5 Bf6 17. Be3 Kc7 18. Bd2 g5 19. b4 f4 20. Qh3
h5 21. f3 Bd5 22. Bc3 Be6 23. g4 hxg4 24. Qg2 g3 25. hxg3 Rxh1 26. Qxh1 fxg3
27. Qg2 Nf5 28. Qe2 Qd6 29. Qe4 Qd5 30. Ra7+ Kb8 31. Qxd5 Bxd5 32. Rxd7 Bc6
33. Rf7 Nd4 34. Rxf6 Nxc2+ 35. Kd2 Nd4 36. Bxd4 exd4 37. Rxc6 {Black
resigns} 1-0

[Event "GambitGuide"]
[Site "Internet Chess Club"]
[Date "2014.10.31"]
[Round "1"]
[White "JSBach"]
[Black "Perplexis"]
[Result "1-0"]
[ICCResult "Black checkmated"]
[WhiteElo "1614"]
[BlackElo "1183"]
[Opening "Vienna: `Frankenstein-Dracula' variation"]
[ECO "C27"]
[NIC "VG.02"]
[Time "12:18:05"]
[TimeControl "120+12"]

1. e4 e5 2. Nc3 Nf6 3. Bc4 Nxe4 4. Qh5 Nd6 5. Bb3 Nc6 6. Nb5 g6 7. Qf3 f5 8.
Qd5 Qe7 9. Nxc7+ Kd8 10. Nxa8 b6 11. d3 Bb7 12. Nxb6 axb6 13. Qf3 Nd4 14.
Qg3 Nxb3 15. axb3 f4 16. Qg4 Nf5 17. Ra7 Kc8 18. Nf3 Qc5 19. c3 b5 20. Ra1
b4 21. Bd2 bxc3 22. bxc3 Qb5 23. d4 Ba6 24. Nxe5 Nh6 25. Qxd7+ Kb8 26. Nc6+
Ka8 27. Qa7# {Black checkmated} 1-0

[Event "GambitGuide"]
[Site "Internet Chess Club"]
[Date "2014.10.31"]
[Round "1"]
[White "JSBach"]
[Black "Pdforma"]
[Result "1-0"]
[ICCResult "Black resigns"]
[WhiteElo "1614"]
[BlackElo "1400"]
[Opening "Vienna: `Frankenstein-Dracula' variation"]
[ECO "C27"]
[NIC "VG.02"]
[Time "12:20:26"]
[TimeControl "120+12"]

1. e4 e5 2. Nc3 Nf6 3. Bc4 Nxe4 4. Qh5 Nd6 5. Bb3 Nc6 6. Nb5 g6 7. Qf3 f5 8.
Qd5 Qe7 9. Nxc7+ Kd8 10. Nxa8 b6 11. d3 e4 12. dxe4 Nxe4 13. Be3 Qb4+ 14. c3
{Black resigns}
1-0

[Event "GambitGuide"]
[Site "Internet Chess Club"]
[Date "2014.10.31"]
[Round "1"]
[White "JSBach"]
[Black "JoseLL23"]
[Result "1-0"]
[ICCResult "Black resigns"]
[WhiteElo "1614"]
[BlackElo "1601"]
[Opening "Vienna: `Frankenstein-Dracula' variation"]
[ECO "C27"]
[NIC "VG.02"]
[Time "12:19:26"]
[TimeControl "120+12"]

1. e4 e5 2. Nc3 Nf6 3. Bc4 Nxe4 4. Qh5 Nd6 5. Bb3 Nc6 6. Nb5 g6 7. Qf3 f5 8.
Qd5 Qe7 9. Nxc7+ Kd8 10. Nxa8 b6 11. d3 Bb7 12. Nxb6 axb6 13. Qf3 Kc8 14.
Be3 e4 15. Qe2 exd3 16. cxd3 Bg7 17. Bxb6 Qxe2+ 18. Nxe2 Bxb2 19. Rb1 Bf6
20. Bc5 Ne8 21. Rc1 Ng7 22. Bf7 Ne5 23. Be7+ Kb8 24. Bxf6 {Black resigns}
1-0

[Event "GambitGuide"]
[Site "Internet Chess Club"]
[Date "2014.10.31"]
[Round "1"]
[White "JSBach"]
[Black "sskumaran1"]
[Result "1-0"]
[ICCResult "Black checkmated"]
[WhiteElo "1614"]
[BlackElo "1120"]
[Opening "Vienna: `Frankenstein-Dracula' variation"]
[ECO "C27"]
[NIC "VG.02"]
[Time "12:20:39"]
[TimeControl "120+12"]

1. e4 e5 2. Nc3 Nf6 3. Bc4 Nxe4 4. Qh5 Nd6 5. Bb3 Nc6 6. Nb5 g6 7. Qf3 f5 8.
Qd5 Qe7 9. Nxc7+ Kd8 10. Nxa8 b6 11. d3 Bb7 12. Nxb6 axb6 13. Qf3 e4 14. Qe3
Ne5 15. Qxb6+ Kc8 16. d4 Ng4 17. Bf4 Nf7 18. Qc7# {Black checkmated} 1-0